 Dungeon Crawl Stone Soup version 0.15-a0-183-gc0cdb55 (webtiles) character file.

361 satsukimygoddess the Chopper (level 6, 0/51 HPs)
             Began as a Lava Orc Fighter on Apr 20, 2014.
             Slain by a ball python (1 damage)
             ... in a sewer.
             The game lasted 00:04:50 (2551 turns).

satsukimygoddess the Chopper (Lava Orc Fighter)     Turns: 2551, Time: 00:04:50

HP   0/51        AC  6     Str 19      XL: 6   Next:  1%
MP   6/6         EV  8     Int  8      God:
Gold 93          SH  0     Dex 12      Spells:  0 memorised,  5 levels left

rFire  + + .     SeeInvis .     a - +0 war axe
rCold  . . .     Clarity  .     b - +0 scale mail
rNeg   . . .     Conserve .     (no shield)
rPois  .         rCorr    .     (no helmet)
rElec  .         rRot     .     (no cloak)
SustAb . .       Spirit   .     (no gloves)
rMut   .         Warding  .     (no boots)
Saprov + . .     Stasis   .     (no amulet)
MR     .....                    (no ring)
                                (no ring)

@: about to teleport, lethally poisoned, constricted, not resistant to hostile
enchantments, extremely unstealthy
A: conserve scrolls, saprovore 1
a: no special abilities


You were in a sewer.
You were not hungry.

You visited 1 branch of the dungeon, and saw 3 of its levels.
You also visited: Sewer.

You collected 93 gold pieces.

Inventory:

Hand weapons
 a - a +0,+0 war axe (weapon)
Armour
 b - a +0 scale mail (worn)
 c - a +0 shield
Comestibles
 d - 3 meat rations
 j - a bread ration
Scrolls
 f - a scroll of immolation {unknown}
 g - a scroll of remove curse {unknown}
 k - 2 scrolls of identify
 o - a scroll of amnesia {unknown}
 q - a scroll of teleportation
 s - a scroll of recharging {unknown}
 t - 2 scrolls of fog {unknown}
Jewellery
 p - an uncursed ring of fire {unknown}
Potions
 e - 5 potions of might
 h - 2 potions of restore abilities
 i - 2 potions of magic
 l - 2 potions of heal wounds {unknown}
 m - a potion of mutation {unknown}
 n - 2 potions of agility {unknown}
 r - a potion of brilliance {unknown}


   Skills:
 - Level 3.6 Fighting
 + Level 7.6 Axes
 - Level 3.2 Armour
 - Level 3.2 Shields


You had 5 spell levels left.
You didn't know any spells.

Dungeon Overview and Level Annotations

Branches:
Dungeon (3/15)

Altars:
Fedhas
The Shining One

Annotations:
D:2 1 exclusion


Innate Abilities, Weirdness & Mutations

You have stony skin.
Your flesh is very heat resistant.
Your lava-based spells are more powerful.
Your flesh is vulnerable to cold.
Your heat harms attackers.
You bathe your surroundings in blazing heat.
You are too hot to use scrolls.
You are very good at protecting items from fire.
You can tolerate rotten meat.


Message History

Drink which item? (? for menu, Esc to quit)
You feel refreshed.
It was a potion of restore abilities.
The giant frog hits you but does no damage.
The adder bites you but does no damage. The ball python barely misses you.
The ball python constricts you. The adder bites you but does no damage.
The giant frog hits you but does no damage.
Unknown command.
Drink which item? (? for menu, Esc to quit)
Magic courses through your body.
It was a potion of magic.
You feel sick. The giant frog hits you.
* * * LOW HITPOINT WARNING * * *
The adder barely misses you. The adder completely misses you.
The ball python bites you but does no damage.
The ball python constricts you. The giant frog hits you.
* * * LOW HITPOINT WARNING * * *
The giant frog hits you but does no damage.
The adder bites you but does no damage. The adder bites you.
* * * LOW HITPOINT WARNING * * *
The ball python bites you.
You die...

....#
#......#
≈...#
#≈≈.≈.≈#
≈≈≈≈#
#≈≈≈≈≈≈#
≈≈≈≈#
#≈≈≈≈≈≈#
≈≈≈≈#
#≈≈≈≈≈≈#
≈≈≈≈#
#≈≈≈≈≈≈#
≈≈≈≈#
#≈≈≈≈S≈#
≈≈≈≈#
#≈≈≈FSS#
≈≈≈≈#
#≈≈≈S@≈#
≈≈≈≈#
#≈≈≈F≈≈#
≈..≈#
#≈≈≈≈≈≈#
(%.%#
#≈≈≈≈≈≈#
≈%%≈#
#≈≈≈≈≈≈#
≈≈≈≈#
#≈≈≈≈≈≈#
≈≈≈≈#
#≈≈≈≈≈≈#
≈≈≈≈#
#≈≈≈≈≈≈#
≈≈≈≈#
#≈≈≈≈≈≈#


You could see 2 giant frogs, 3 adders and a ball python.

Vanquished Creatures
  2 gnolls (D:2)
  7 adders
  9 green rats (Sewer)
  3 worms (D:2)
  5 giant geckos
  3 oozes (Sewer)
  4 giant cockroaches
  7 goblins
  6 hobgoblins
  6 kobolds
  8 ball pythons
  9 bats
  7 giant newts
  2 quokkas (D:2)
  22 rats
100 creatures vanquished.

Vanquished Creatures (others)
  A fungus (D:2)
1 creature vanquished.

Grand Total: 101 creatures vanquished

Notes
Turn   | Place    | Note
--------------------------------------------------------------
     0 | D:1      | satsukimygoddess, the Lava Orc Fighter, began the quest for the Orb.
     0 | D:1      | Reached XP level 1. HP: 19/19 MP: 1/1
   306 | D:1      | Reached XP level 2. HP: 23/26 MP: 2/2
   616 | D:1      | Reached skill level 4 in Axes
   818 | D:2      | Reached XP level 3. HP: 27/31 MP: 3/3
   989 | D:2      | HP: 1/31 [worm (2)]
  1129 | D:2      | Reached skill level 5 in Axes
  1547 | D:2      | Reached XP level 4. HP: 39/39 MP: 4/4
  1571 | D:2      | Found a blossoming altar of Fedhas.
  1620 | D:2      | Found a glowing golden altar of the Shining One.
  1824 | D:3      | Found a glowing drain.
  1869 | D:3      | Reached skill level 6 in Axes
  1876 | Sewer    | Entered a sewer
  1913 | Sewer    | Reached XP level 5. HP: 41/45 MP: 5/5
  2055 | Sewer    | Reached skill level 7 in Axes
  2528 | Sewer    | Reached XP level 6. HP: 30/51 MP: 6/6
  2544 | Sewer    | Noticed a giant frog
  2545 | Sewer    | Noticed a giant frog
  2551 | Sewer    | HP: 1/51 [adder (4)]
  2551 | Sewer    | Slain by a ball python

Action                   |  1- 3 |  4- 6 || total
-------------------------+-------+-------++-------
Melee: War axe           |   137 |   139 ||   276
  Use: Scroll            |       |     2 ||     2
       Potion            |       |     2 ||     2
